Map: Efflorescence LE

Players

qqq - Winner!

  • Race: Zerg Zerg
  • Spawn Location: 12:00

Massa - Winner!

  • Race: Terran Terran
  • League: Platinum
  • Spawn Location: 3:00

dozko

  • Race: Zerg Zerg
  • League: Platinum
  • Spawn Location: 6:00

Docenta

  • Race: Zerg Zerg
  • League: Platinum
  • Spawn Location: 9:00

VOD

Have the link to the VOD?

Description

Time

  • Played on: Nov. 12, 2020, 2:02 p.m.
  • Length: 7:51
Show
View Real Time Build Order
Export as new Build Order

qqq Zerg - Winner!

Build Orders: Hatch First, Zergling Baneling 

Get SALT Encoding   

  12  0:00  Drone  
  13  0:08  Drone  
  14  0:40  Hatchery  
  13  0:45  Drone  
  14  1:00  Spawning Pool  
  13  1:05  Overlord  
  13  1:10  Drone  
  14  1:13  Extractor  
  13  1:24  Drone x2  
  15  1:45  Drone x2  
  17  2:02  Drone  
  17  2:04  Drone x2  
  20  2:12  Drone, Baneling Nest  
  20  2:13  Drone  
  20  2:14  Drone  
  22  2:24  Queen  
  22  2:28  Drone  
  25  2:36  Metabolic Boost  
  25  2:38  Zergling x2  
  25  2:44  Overlord  
  25  2:48  Drone  
  25  2:50  Drone  
  27  2:53  Zergling x2  
  27  2:58  Overlord  
  28  2:59  Baneling  
  28  3:01  Baneling  
  28  3:03  Drone  
  29  3:08  Zergling x2  
  29  3:10  Drone  
  31  3:14  Baneling x2  
  31  3:19  Zergling x2  
  32  3:22  Extractor, Drone  
  32  3:26  Queen  
  34  3:28  Drone  
  35  3:36  Drone  
  35  3:37  Drone  
  37  3:45  Drone  
  37  3:46  Zergling x4  
  37  3:48  Overlord  
  40  3:54  Baneling x3  
  40  4:07  Zergling x4  
  40  4:09  Zergling x4  
  44  4:12  Baneling  
  44  4:14  Baneling x2  
  44  4:18  Lair  
  44  4:19  Drone  
  45  4:27  Zergling x2  
  45  4:29  Drone  
  47  4:36  Zergling x4  
  47  4:38  Overlord  
  49  4:39  Hatchery  
  43  5:02  Zergling x2  
  43  5:03  Zergling x8  
  43  5:05  Baneling  
  43  5:06  Baneling x5  
  45  5:17  Zergling x2  
  45  5:18  Zergling x2  
  45  5:19  Zergling x6  
  48  5:25  Baneling x2  
  47  5:38  Baneling x3  
  47  5:39  Baneling x3  
  47  5:42  Drone, Zergling x4  
  48  5:47  Zergling x2  
  48  5:48  Zergling x4  
  51  5:50  Baneling x6  
  50  5:58  Zergling x6  
  50  5:59  Drone x5  
  53  6:29  Zergling x6  
  53  6:30  Drone x2, Zergling x4  
  53  6:31  Drone x3  
  60  6:37  Spire  
  59  6:40  Zergling x2  
  59  6:41  Drone  
  59  6:45  Queen  
  63  6:53  Hatchery  
  56  6:56  Zergling x2  
  56  6:58  Drone x2, Zergling x4  
  61  7:07  Zergling x2  
  61  7:08  Zergling x8  
  66  7:18  Overlord x3  
  65  7:35  Hatchery  
  66  7:38  Drone x3  
Show
View Real Time Build Order
Export as new Build Order

Massa Terran - Winner!

Build Orders:  

Get SALT Encoding   

  12  0:00  SCV  
  13  0:12  SCV  
  14  0:17  Supply Depot  
  14  0:24  SCV  
  15  0:39  SCV  
  15  0:40  Barracks  
  16  0:48  Supply Depot  
  16  0:51  SCV  
  17  1:03  SCV  
  18  1:05  Refinery  
  18  1:15  SCV  
  19  1:28  SCV  
  19  1:32  Barracks  
  20  1:35  Marine  
  21  1:42  Barracks  
  21  1:45  Supply Depot  
  21  1:49  SCV  
  21  1:53  Marine  
  23  2:01  SCV  
  24  2:11  Barracks Tech Lab  
  24  2:14  Orbital Command  
  24  2:21  Marine  
  24  2:22  Refinery  
  25  2:29  Marine  
  26  2:32  Stimpack  
  26  2:34  Marine  
  27  2:39  Marine  
  27  2:41  Supply Depot  
  28  2:50  Marine  
  29  2:52  Marauder  
  29  2:57  Marine  
  32  3:08  Marine  
  33  3:14  Marauder  
  33  3:15  Marine  
  33  3:18  Factory  
  36  3:26  Marine  
  37  3:32  Marine  
  38  3:35  Marauder  
  40  3:43  Marine  
  41  3:50  Marine  
  42  3:56  Marauder  
  42  4:01  Marine  
  45  4:02  Supply Depot  
  45  4:04  Hellion  
  47  4:11  Barracks Reactor  
  47  4:15  Supply Depot  
  47  4:18  Combat Shield  
  47  4:24  Marauder, Marine  
  47  4:25  Hellion  
  52  4:47  Marauder, Marine  
  52  4:48  Marine x2  
  57  5:04  Marine  
  57  5:06  Marine x2  
  59  5:29  Marauder, Marine x2  
  63  5:42  Marine  
  59  5:47  Marine x2  
  55  5:50  Marauder  
  51  6:00  Marine  
  41  6:07  Marine  
  41  6:09  Factory Tech Lab  
  41  6:10  Concussive Shells  
  36  6:12  Marauder  
  38  6:22  Marine  
  38  6:23  Command Center  
  39  6:33  Marauder  
  39  6:37  Marine x2  
  43  6:40  Marine  
  43  6:55  Marauder  
  44  7:16  Marauder  
Show
View Real Time Build Order
Export as new Build Order

dozko Zerg 

Build Orders: Hatch First 

Get SALT Encoding   

  12  0:00  Drone  
  13  0:08  Drone  
  14  0:18  Overlord  
  14  0:36  Drone x3  
  17  0:57  Hatchery  
  16  1:14  Spawning Pool  
  16  1:16  Drone, Extractor  
  16  1:18  Drone  
  16  1:23  Drone  
  17  1:30  Drone  
  18  1:42  Overlord  
  18  2:04  Queen  
  18  2:06  Drone x2  
  22  2:10  Drone  
  22  2:11  Queen  
  22  2:12  Drone  
  26  2:21  Drone  
  27  2:29  Metabolic Boost  
  27  2:46  Zergling x4  
  27  2:47  Drone  
  27  2:48  Drone x2  
  32  3:06  Lair  
  32  3:09  Drone x2, Extractor  
  32  3:12  Extractor  
  32  3:15  Extractor, Drone x2  
  32  3:16  Drone x3  
  32  3:17  Overlord  
  36  3:20  Overlord  
  36  3:44  Drone x2  
  36  3:45  Drone x3  
  36  3:47  Drone  
  42  3:49  Drone x2  
  42  3:50  Drone  
  42  3:51  Drone  
  46  3:56  Baneling Nest  
  46  4:02  Roach Warren  
  44  4:07  Drone, Hydralisk Den  
  44  4:10  Drone  
  44  4:13  Drone x2  
  47  4:20  Drone x3  
  50  4:29  Pneumatized Carapace  
  50  4:47  Zergling x4  
  50  4:49  Overlord x3  
  52  5:04  Overlord x3  
  52  5:05  Overlord  
  52  5:08  Zergling x2  
  52  5:10  Zergling x4  
  52  5:13  Zergling x2  
  56  5:19  Zergling x2  
  57  5:32  Zergling x4  
  59  5:36  Zergling x2  
  59  5:38  Zergling x6  
  58  5:51  Zergling x4  
  58  5:52  Zergling x6  
  60  6:04  Zergling x2  
  60  6:05  Zergling x2  
  60  6:06  Zergling x6  
  60  6:11  Zergling x2  
  56  6:20  Zergling x2  
  56  6:23  Zergling x2  
  56  6:24  Zergling x6  
  57  6:30  Baneling x5  
  57  6:31  Baneling x3  
  58  6:32  Zergling x2  
  58  6:33  Zergling x2  
  58  6:34  Zergling x6  
  53  6:57  Baneling x2  
  53  6:58  Baneling x2, Zergling x4  
  53  6:59  Zergling x4  
  56  7:03  Zergling x2  
  56  7:04  Zergling x8  
  56  7:07  Zergling x2  
  56  7:14  Zergling x6  
  56  7:15  Zergling x2  
Show
View Real Time Build Order
Export as new Build Order

Docenta Zerg 

Build Orders: Hatch First 

Get SALT Encoding   

  12  0:00  Drone  
  13  0:08  Drone  
  14  0:17  Overlord  
  14  0:36  Drone x3  
  17  0:56  Hatchery  
  16  0:57  Drone  
  17  1:04  Extractor, Drone  
  17  1:18  Spawning Pool  
  17  1:20  Drone  
  18  1:25  Drone  
  18  1:31  Drone  
  19  1:41  Drone  
  20  1:51  Overlord  
  20  2:05  Metabolic Boost  
  20  2:07  Zergling x2  
  21  2:10  Queen, Zergling x2  
  21  2:13  Queen  
  26  2:19  Drone  
  26  2:20  Drone  
  28  2:34  Drone x3  
  31  2:58  Drone x4  
  35  3:08  Pneumatized Carapace  
  35  3:13  Zergling x2  
  35  3:18  Overlord  
  36  3:26  Extractor  
  36  3:27  Zergling x2  
  36  3:30  Baneling Nest  
  36  3:31  Drone  
  36  3:32  Drone, Evolution Chamber  
  36  3:33  Evolution Chamber  
  36  3:34  Drone  
  36  3:36  Drone  
  36  3:37  Drone x2  
  39  3:43  Zergling x4  
  41  3:50  Drone  
  41  3:53  Queen  
  44  4:02  Overlord  
  44  4:03  Overlord  
  44  4:16  Baneling x5  
  44  4:20  Drone  
  44  4:21  Drone x2  
  47  4:29  Queen  
  49  4:39  Zergling x6  
  49  4:40  Zergling x6  
  55  4:58  Zergling x4  
  55  4:59  Zergling x10  
  45  5:04  Zergling x2  
  36  5:10  Zergling x2  
  26  5:19  Baneling x2  
  26  5:20  Baneling x3  
  20  5:31  Drone x4  
  11  6:04  Spawning Pool  
  10  6:20  Drone x3  
  13  6:40  Drone  
  14  6:54  Zergling x4  
  14  6:59  Queen  
  17  7:02  Baneling Nest  
  17  7:06  Zergling x2  
  17  7:17  Zergling x2  
Tags
 
Add a new tag
Caveats
  • Supply blocks, unpowered buildings, or Contaminate may cause inaccurate times.
  • Supply counts are checked every 10 seconds.